%YAML 1.1
%TAG !u! tag:unity3d.com,2011:
--- !u!1 &1856886214266134120
GameObject:
  m_ObjectHideFlags: 0
  m_CorrespondingSourceObject: {fileID: 0}
  m_PrefabInstance: {fileID: 0}
  m_PrefabAsset: {fileID: 0}
  serializedVersion: 6
  m_Component:
  - component: {fileID: 1856886214266134123}
  m_Layer: 6
  m_Name: wall rotated blue ready
  m_TagString: Untagged
  m_Icon: {fileID: 0}
  m_NavMeshLayer: 0
  m_StaticEditorFlags: 0
  m_IsActive: 1
--- !u!4 &1856886214266134123
Transform:
  m_ObjectHideFlags: 0
  m_CorrespondingSourceObject: {fileID: 0}
  m_PrefabInstance: {fileID: 0}
  m_PrefabAsset: {fileID: 0}
  m_GameObject: {fileID: 1856886214266134120}
  m_LocalRotation: {x: 0, y: 0, z: 0, w: 1}
  m_LocalPosition: {x: -56.732185, y: 0, z: 54.21515}
  m_LocalScale: {x: 1, y: 1, z: 1}
  m_ConstrainProportionsScale: 0
  m_Children:
  - {fileID: 2183759085381900944}
  - {fileID: 2183759083877541517}
  m_Father: {fileID: 0}
  m_RootOrder: 0
  m_LocalEulerAnglesHint: {x: 0, y: 0, z: 0}
--- !u!1001 &1856886212586192251
PrefabInstance:
  m_ObjectHideFlags: 0
  serializedVersion: 2
  m_Modification:
    m_TransformParent: {fileID: 1856886214266134123}
    m_Modifications:
    - target: {fileID: -8679921383154817045, guid: 81fb3001c836180458c30806aaa14537,
        type: 3}
      propertyPath: m_RootOrder
      value: 0
      objectReference: {fileID: 0}
    - target: {fileID: -8679921383154817045, guid: 81fb3001c836180458c30806aaa14537,
        type: 3}
      propertyPath: m_LocalPosition.x
      value: 0
      objectReference: {fileID: 0}
    - target: {fileID: -8679921383154817045, guid: 81fb3001c836180458c30806aaa14537,
        type: 3}
      propertyPath: m_LocalPosition.y
      value: 0
      objectReference: {fileID: 0}
    - target: {fileID: -8679921383154817045, guid: 81fb3001c836180458c30806aaa14537,
        type: 3}
      propertyPath: m_LocalPosition.z
      value: 0
      objectReference: {fileID: 0}
    - target: {fileID: -8679921383154817045, guid: 81fb3001c836180458c30806aaa14537,
        type: 3}
      propertyPath: m_LocalRotation.w
      value: -0.00000019470718
      objectReference: {fileID: 0}
    - target: {fileID: -8679921383154817045, guid: 81fb3001c836180458c30806aaa14537,
        type: 3}
      propertyPath: m_LocalRotation.x
      value: -6.123233e-17
      objectReference: {fileID: 0}
    - target: {fileID: -8679921383154817045, guid: 81fb3001c836180458c30806aaa14537,
        type: 3}
      propertyPath: m_LocalRotation.y
      value: 1
      objectReference: {fileID: 0}
    - target: {fileID: -8679921383154817045, guid: 81fb3001c836180458c30806aaa14537,
        type: 3}
      propertyPath: m_LocalRotation.z
      value: 6.123233e-17
      objectReference: {fileID: 0}
    - target: {fileID: -8679921383154817045, guid: 81fb3001c836180458c30806aaa14537,
        type: 3}
      propertyPath: m_LocalEulerAnglesHint.x
      value: 0
      objectReference: {fileID: 0}
    - target: {fileID: -8679921383154817045, guid: 81fb3001c836180458c30806aaa14537,
        type: 3}
      propertyPath: m_LocalEulerAnglesHint.y
      value: 0
      objectReference: {fileID: 0}
    - target: {fileID: -8679921383154817045, guid: 81fb3001c836180458c30806aaa14537,
        type: 3}
      propertyPath: m_LocalEulerAnglesHint.z
      value: 0
      objectReference: {fileID: 0}
    - target: {fileID: 919132149155446097, guid: 81fb3001c836180458c30806aaa14537,
        type: 3}
      propertyPath: m_Name
      value: wall rotated 1x1 blue
      objectReference: {fileID: 0}
    - target: {fileID: 919132149155446097, guid: 81fb3001c836180458c30806aaa14537,
        type: 3}
      propertyPath: m_Layer
      value: 6
      objectReference: {fileID: 0}
    m_RemovedComponents: []
  m_SourcePrefab: {fileID: 100100000, guid: 81fb3001c836180458c30806aaa14537, type: 3}
--- !u!1 &1514781767658635306 stripped
GameObject:
  m_CorrespondingSourceObject: {fileID: 919132149155446097, guid: 81fb3001c836180458c30806aaa14537,
    type: 3}
  m_PrefabInstance: {fileID: 1856886212586192251}
  m_PrefabAsset: {fileID: 0}
--- !u!54 &2057193572
Rigidbody:
  m_ObjectHideFlags: 0
  m_CorrespondingSourceObject: {fileID: 0}
  m_PrefabInstance: {fileID: 0}
  m_PrefabAsset: {fileID: 0}
  m_GameObject: {fileID: 1514781767658635306}
  serializedVersion: 2
  m_Mass: 1
  m_Drag: 0
  m_AngularDrag: 0.05
  m_UseGravity: 1
  m_IsKinematic: 0
  m_Interpolate: 0
  m_Constraints: 122
  m_CollisionDetection: 0
--- !u!65 &2057193573
BoxCollider:
  m_ObjectHideFlags: 0
  m_CorrespondingSourceObject: {fileID: 0}
  m_PrefabInstance: {fileID: 0}
  m_PrefabAsset: {fileID: 0}
  m_GameObject: {fileID: 1514781767658635306}
  m_Material: {fileID: 0}
  m_IsTrigger: 0
  m_Enabled: 1
  serializedVersion: 2
  m_Size: {x: 1.4361916, y: 2, z: 1.441173}
  m_Center: {x: 0.5505527, y: 1, z: 0.7205865}
--- !u!114 &2057193571
MonoBehaviour:
  m_ObjectHideFlags: 0
  m_CorrespondingSourceObject: {fileID: 0}
  m_PrefabInstance: {fileID: 0}
  m_PrefabAsset: {fileID: 0}
  m_GameObject: {fileID: 1514781767658635306}
  m_Enabled: 1
  m_EditorHideFlags: 0
  m_Script: {fileID: 11500000, guid: 84acdbaca5b6447097feb36c07eef96b, type: 3}
  m_Name: 
  m_EditorClassIdentifier: 
  BuildPartLevel: 1
  HP: 0
  _objectToOff: {fileID: 0}
--- !u!4 &2183759085381900944 stripped
Transform:
  m_CorrespondingSourceObject: {fileID: -8679921383154817045, guid: 81fb3001c836180458c30806aaa14537,
    type: 3}
  m_PrefabInstance: {fileID: 1856886212586192251}
  m_PrefabAsset: {fileID: 0}
--- !u!1001 &1856886214090604902
PrefabInstance:
  m_ObjectHideFlags: 0
  serializedVersion: 2
  m_Modification:
    m_TransformParent: {fileID: 1856886214266134123}
    m_Modifications:
    - target: {fileID: -8679921383154817045, guid: 36d7ce6e421fe604aa36fc8bf1c3b2ad,
        type: 3}
      propertyPath: m_RootOrder
      value: 1
      objectReference: {fileID: 0}
    - target: {fileID: -8679921383154817045, guid: 36d7ce6e421fe604aa36fc8bf1c3b2ad,
        type: 3}
      propertyPath: m_LocalPosition.x
      value: 0
      objectReference: {fileID: 0}
    - target: {fileID: -8679921383154817045, guid: 36d7ce6e421fe604aa36fc8bf1c3b2ad,
        type: 3}
      propertyPath: m_LocalPosition.y
      value: 0
      objectReference: {fileID: 0}
    - target: {fileID: -8679921383154817045, guid: 36d7ce6e421fe604aa36fc8bf1c3b2ad,
        type: 3}
      propertyPath: m_LocalPosition.z
      value: 0
      objectReference: {fileID: 0}
    - target: {fileID: -8679921383154817045, guid: 36d7ce6e421fe604aa36fc8bf1c3b2ad,
        type: 3}
      propertyPath: m_LocalRotation.w
      value: 1
      objectReference: {fileID: 0}
    - target: {fileID: -8679921383154817045, guid: 36d7ce6e421fe604aa36fc8bf1c3b2ad,
        type: 3}
      propertyPath: m_LocalRotation.x
      value: -0
      objectReference: {fileID: 0}
    - target: {fileID: -8679921383154817045, guid: 36d7ce6e421fe604aa36fc8bf1c3b2ad,
        type: 3}
      propertyPath: m_LocalRotation.y
      value: -0
      objectReference: {fileID: 0}
    - target: {fileID: -8679921383154817045, guid: 36d7ce6e421fe604aa36fc8bf1c3b2ad,
        type: 3}
      propertyPath: m_LocalRotation.z
      value: -0
      objectReference: {fileID: 0}
    - target: {fileID: -8679921383154817045, guid: 36d7ce6e421fe604aa36fc8bf1c3b2ad,
        type: 3}
      propertyPath: m_LocalEulerAnglesHint.x
      value: 0
      objectReference: {fileID: 0}
    - target: {fileID: -8679921383154817045, guid: 36d7ce6e421fe604aa36fc8bf1c3b2ad,
        type: 3}
      propertyPath: m_LocalEulerAnglesHint.y
      value: 0
      objectReference: {fileID: 0}
    - target: {fileID: -8679921383154817045, guid: 36d7ce6e421fe604aa36fc8bf1c3b2ad,
        type: 3}
      propertyPath: m_LocalEulerAnglesHint.z
      value: 0
      objectReference: {fileID: 0}
    - target: {fileID: -8566527793106383150, guid: 36d7ce6e421fe604aa36fc8bf1c3b2ad,
        type: 3}
      propertyPath: m_Layer
      value: 7
      objectReference: {fileID: 0}
    - target: {fileID: -4405929472883210318, guid: 36d7ce6e421fe604aa36fc8bf1c3b2ad,
        type: 3}
      propertyPath: m_Layer
      value: 7
      objectReference: {fileID: 0}
    - target: {fileID: -3745128942879534809, guid: 36d7ce6e421fe604aa36fc8bf1c3b2ad,
        type: 3}
      propertyPath: m_Layer
      value: 7
      objectReference: {fileID: 0}
    - target: {fileID: 919132149155446097, guid: 36d7ce6e421fe604aa36fc8bf1c3b2ad,
        type: 3}
      propertyPath: m_Name
      value: wall rotated 1x1 blue destroyed
      objectReference: {fileID: 0}
    - target: {fileID: 919132149155446097, guid: 36d7ce6e421fe604aa36fc8bf1c3b2ad,
        type: 3}
      propertyPath: m_Layer
      value: 7
      objectReference: {fileID: 0}
    - target: {fileID: 919132149155446097, guid: 36d7ce6e421fe604aa36fc8bf1c3b2ad,
        type: 3}
      propertyPath: m_IsActive
      value: 0
      objectReference: {fileID: 0}
    - target: {fileID: 7727478839312590019, guid: 36d7ce6e421fe604aa36fc8bf1c3b2ad,
        type: 3}
      propertyPath: m_Layer
      value: 7
      objectReference: {fileID: 0}
    - target: {fileID: 7827013259152856652, guid: 36d7ce6e421fe604aa36fc8bf1c3b2ad,
        type: 3}
      propertyPath: m_Layer
      value: 7
      objectReference: {fileID: 0}
    m_RemovedComponents: []
  m_SourcePrefab: {fileID: 100100000, guid: 36d7ce6e421fe604aa36fc8bf1c3b2ad, type: 3}
--- !u!1 &1214116406515388340 stripped
GameObject:
  m_CorrespondingSourceObject: {fileID: -8566527793106383150, guid: 36d7ce6e421fe604aa36fc8bf1c3b2ad,
    type: 3}
  m_PrefabInstance: {fileID: 1856886214090604902}
  m_PrefabAsset: {fileID: 0}
--- !u!54 &914383017
Rigidbody:
  m_ObjectHideFlags: 0
  m_CorrespondingSourceObject: {fileID: 0}
  m_PrefabInstance: {fileID: 0}
  m_PrefabAsset: {fileID: 0}
  m_GameObject: {fileID: 1214116406515388340}
  serializedVersion: 2
  m_Mass: 1
  m_Drag: 0
  m_AngularDrag: 0.05
  m_UseGravity: 1
  m_IsKinematic: 0
  m_Interpolate: 0
  m_Constraints: 0
  m_CollisionDetection: 0
--- !u!65 &914383018
BoxCollider:
  m_ObjectHideFlags: 0
  m_CorrespondingSourceObject: {fileID: 0}
  m_PrefabInstance: {fileID: 0}
  m_PrefabAsset: {fileID: 0}
  m_GameObject: {fileID: 1214116406515388340}
  m_Material: {fileID: 0}
  m_IsTrigger: 0
  m_Enabled: 1
  serializedVersion: 2
  m_Size: {x: 1.0746564, y: 1.0340054, z: 0.51179206}
  m_Center: {x: 0.059679806, y: -0.043921337, z: -0.05020237}
--- !u!114 &914383016
MonoBehaviour:
  m_ObjectHideFlags: 0
  m_CorrespondingSourceObject: {fileID: 0}
  m_PrefabInstance: {fileID: 0}
  m_PrefabAsset: {fileID: 0}
  m_GameObject: {fileID: 1214116406515388340}
  m_Enabled: 1
  m_EditorHideFlags: 0
  m_Script: {fileID: 11500000, guid: c5ff0eb8410e400d8f069da1c3a35d6f, type: 3}
  m_Name: 
  m_EditorClassIdentifier: 
--- !u!4 &2183759083877541517 stripped
Transform:
  m_CorrespondingSourceObject: {fileID: -8679921383154817045, guid: 36d7ce6e421fe604aa36fc8bf1c3b2ad,
    type: 3}
  m_PrefabInstance: {fileID: 1856886214090604902}
  m_PrefabAsset: {fileID: 0}
--- !u!1 &6179604158544433217 stripped
GameObject:
  m_CorrespondingSourceObject: {fileID: -3745128942879534809, guid: 36d7ce6e421fe604aa36fc8bf1c3b2ad,
    type: 3}
  m_PrefabInstance: {fileID: 1856886214090604902}
  m_PrefabAsset: {fileID: 0}
--- !u!54 &1241511193
Rigidbody:
  m_ObjectHideFlags: 0
  m_CorrespondingSourceObject: {fileID: 0}
  m_PrefabInstance: {fileID: 0}
  m_PrefabAsset: {fileID: 0}
  m_GameObject: {fileID: 6179604158544433217}
  serializedVersion: 2
  m_Mass: 1
  m_Drag: 0
  m_AngularDrag: 0.05
  m_UseGravity: 1
  m_IsKinematic: 0
  m_Interpolate: 0
  m_Constraints: 0
  m_CollisionDetection: 0
--- !u!65 &1241511194
BoxCollider:
  m_ObjectHideFlags: 0
  m_CorrespondingSourceObject: {fileID: 0}
  m_PrefabInstance: {fileID: 0}
  m_PrefabAsset: {fileID: 0}
  m_GameObject: {fileID: 6179604158544433217}
  m_Material: {fileID: 0}
  m_IsTrigger: 0
  m_Enabled: 1
  serializedVersion: 2
  m_Size: {x: 0.5261096, y: 1.4647429, z: 0.37491193}
  m_Center: {x: 0.03294581, y: -0.17209107, z: -0.017176881}
--- !u!114 &1241511192
MonoBehaviour:
  m_ObjectHideFlags: 0
  m_CorrespondingSourceObject: {fileID: 0}
  m_PrefabInstance: {fileID: 0}
  m_PrefabAsset: {fileID: 0}
  m_GameObject: {fileID: 6179604158544433217}
  m_Enabled: 1
  m_EditorHideFlags: 0
  m_Script: {fileID: 11500000, guid: c5ff0eb8410e400d8f069da1c3a35d6f, type: 3}
  m_Name: 
  m_EditorClassIdentifier: 
--- !u!1 &6565687851595302612 stripped
GameObject:
  m_CorrespondingSourceObject: {fileID: -4405929472883210318, guid: 36d7ce6e421fe604aa36fc8bf1c3b2ad,
    type: 3}
  m_PrefabInstance: {fileID: 1856886214090604902}
  m_PrefabAsset: {fileID: 0}
--- !u!54 &2057193583
Rigidbody:
  m_ObjectHideFlags: 0
  m_CorrespondingSourceObject: {fileID: 0}
  m_PrefabInstance: {fileID: 0}
  m_PrefabAsset: {fileID: 0}
  m_GameObject: {fileID: 6565687851595302612}
  serializedVersion: 2
  m_Mass: 1
  m_Drag: 0
  m_AngularDrag: 0.05
  m_UseGravity: 1
  m_IsKinematic: 0
  m_Interpolate: 0
  m_Constraints: 0
  m_CollisionDetection: 0
--- !u!65 &2057193584
BoxCollider:
  m_ObjectHideFlags: 0
  m_CorrespondingSourceObject: {fileID: 0}
  m_PrefabInstance: {fileID: 0}
  m_PrefabAsset: {fileID: 0}
  m_GameObject: {fileID: 6565687851595302612}
  m_Material: {fileID: 0}
  m_IsTrigger: 0
  m_Enabled: 1
  serializedVersion: 2
  m_Size: {x: 1.0177515, y: 1.0230366, z: 1.0712787}
  m_Center: {x: -0.100636154, y: -0.020429552, z: 0.068659976}
--- !u!114 &2057193582
MonoBehaviour:
  m_ObjectHideFlags: 0
  m_CorrespondingSourceObject: {fileID: 0}
  m_PrefabInstance: {fileID: 0}
  m_PrefabAsset: {fileID: 0}
  m_GameObject: {fileID: 6565687851595302612}
  m_Enabled: 1
  m_EditorHideFlags: 0
  m_Script: {fileID: 11500000, guid: c5ff0eb8410e400d8f069da1c3a35d6f, type: 3}
  m_Name: 
  m_EditorClassIdentifier: 
--- !u!1 &8284786183198991781 stripped
GameObject:
  m_CorrespondingSourceObject: {fileID: 7727478839312590019, guid: 36d7ce6e421fe604aa36fc8bf1c3b2ad,
    type: 3}
  m_PrefabInstance: {fileID: 1856886214090604902}
  m_PrefabAsset: {fileID: 0}
--- !u!54 &639569627
Rigidbody:
  m_ObjectHideFlags: 0
  m_CorrespondingSourceObject: {fileID: 0}
  m_PrefabInstance: {fileID: 0}
  m_PrefabAsset: {fileID: 0}
  m_GameObject: {fileID: 8284786183198991781}
  serializedVersion: 2
  m_Mass: 1
  m_Drag: 0
  m_AngularDrag: 0.05
  m_UseGravity: 1
  m_IsKinematic: 0
  m_Interpolate: 0
  m_Constraints: 0
  m_CollisionDetection: 0
--- !u!65 &639569628
BoxCollider:
  m_ObjectHideFlags: 0
  m_CorrespondingSourceObject: {fileID: 0}
  m_PrefabInstance: {fileID: 0}
  m_PrefabAsset: {fileID: 0}
  m_GameObject: {fileID: 8284786183198991781}
  m_Material: {fileID: 0}
  m_IsTrigger: 0
  m_Enabled: 1
  serializedVersion: 2
  m_Size: {x: 0.88472754, y: 1.157522, z: 1.2747405}
  m_Center: {x: -0.024209052, y: 0.09397192, z: 0.00747332}
--- !u!114 &639569626
MonoBehaviour:
  m_ObjectHideFlags: 0
  m_CorrespondingSourceObject: {fileID: 0}
  m_PrefabInstance: {fileID: 0}
  m_PrefabAsset: {fileID: 0}
  m_GameObject: {fileID: 8284786183198991781}
  m_Enabled: 1
  m_EditorHideFlags: 0
  m_Script: {fileID: 11500000, guid: c5ff0eb8410e400d8f069da1c3a35d6f, type: 3}
  m_Name: 
  m_EditorClassIdentifier: 
--- !u!1 &8456598171678988074 stripped
GameObject:
  m_CorrespondingSourceObject: {fileID: 7827013259152856652, guid: 36d7ce6e421fe604aa36fc8bf1c3b2ad,
    type: 3}
  m_PrefabInstance: {fileID: 1856886214090604902}
  m_PrefabAsset: {fileID: 0}
--- !u!54 &2057193580
Rigidbody:
  m_ObjectHideFlags: 0
  m_CorrespondingSourceObject: {fileID: 0}
  m_PrefabInstance: {fileID: 0}
  m_PrefabAsset: {fileID: 0}
  m_GameObject: {fileID: 8456598171678988074}
  serializedVersion: 2
  m_Mass: 1
  m_Drag: 0
  m_AngularDrag: 0.05
  m_UseGravity: 1
  m_IsKinematic: 0
  m_Interpolate: 0
  m_Constraints: 0
  m_CollisionDetection: 0
--- !u!65 &2057193581
BoxCollider:
  m_ObjectHideFlags: 0
  m_CorrespondingSourceObject: {fileID: 0}
  m_PrefabInstance: {fileID: 0}
  m_PrefabAsset: {fileID: 0}
  m_GameObject: {fileID: 8456598171678988074}
  m_Material: {fileID: 0}
  m_IsTrigger: 0
  m_Enabled: 1
  serializedVersion: 2
  m_Size: {x: 1.0912064, y: 1.3431691, z: 0.96405554}
  m_Center: {x: -0.06615193, y: -0.10011864, z: 0.06898482}
--- !u!114 &2057193579
MonoBehaviour:
  m_ObjectHideFlags: 0
  m_CorrespondingSourceObject: {fileID: 0}
  m_PrefabInstance: {fileID: 0}
  m_PrefabAsset: {fileID: 0}
  m_GameObject: {fileID: 8456598171678988074}
  m_Enabled: 1
  m_EditorHideFlags: 0
  m_Script: {fileID: 11500000, guid: c5ff0eb8410e400d8f069da1c3a35d6f, type: 3}
  m_Name: 
  m_EditorClassIdentifier: 
